 Dungeon Crawl Stone Soup version 0.27.1-34-g3ba077fa99 (webtiles) character file.

Game seed: 4319723643937006172

142 zeram the Sneak (level 5, -2/25 HPs)
             Began as a Spriggan Brigand on Jan 6, 2022.
             Slain by a hornet (5 damage)
             ... on level 4 of the Dungeon.
             The game lasted 00:05:55 (2779 turns).

zeram the Sneak (Spriggan Brigand)                  Turns: 2779, Time: 00:05:55

Health: -2/25      AC:  5    Str:  7    XL:     5   Next: 4%
Magic:  6/6        EV: 18    Int: 19    God:
Gold:   162        SH:  5    Dex: 16    Spells: 4/4 levels left

rFire    . . .     SeeInvis +   f - +3 spear
rCold    + + +     Faith    .   l - +0 buckler of Refaqiurph {*Corrode rElec rC+++ Int+5}
rNeg     . . .     Spirit   .   b - +0 robe
rPois    .         Reflect  .   n - +1 hat
rElec    +         Harm     .   c - +1 cloak
rCorr    .         Rampage  .   (gloves unavailable)
Will     .....                  (boots unavailable)
Stlth    ++++......             (no amulet)
HPRegen  0.08/turn              (no ring)
MPRegen  0.10/turn              (no ring)

@: mighty, lethally poisoned (-2 -> -8), slowed, quick
A: very small, no large weapons, unfitting armour, see invisible, speed 3
a: no special abilities


You were on level 4 of the Dungeon.
You visited 1 branch of the dungeon, and saw 4 of its levels.

You collected 162 gold pieces.

Inventory:

Hand Weapons
 a - a +2 dagger
 f - a +3 spear (weapon)
Missiles
 d - 12 poisoned darts (quivered)
 e - 2 curare-tipped darts
 p - 3 atropa-tipped darts
Armour
 b - a +0 robe (worn)
 c - a +1 cloak (worn)
 l - the +0 buckler of Refaqiurph (worn) {*Corrode rElec rC+++ Int+5}
   (You acquired it on level 2 of the Dungeon)

   Int:       It affects your intelligence (+5).
   rC:        It renders you almost immune to cold.
   rElec:     It insulates you from electricity.
   *Corrode:  It may corrode you when you take damage.
 n - a +1 hat (worn)
Scrolls
 g - a scroll of acquirement
 m - a scroll of identify
 o - a scroll of immolation
Potions
 i - a potion of attraction
 j - a potion of mutation


   Skills:
 - Level 1.5 Fighting
 - Level 2.1 Short Blades
 - Level 2.0 Throwing
 + Level 5.1 Dodging
 - Level 7.1 Stealth
 * Level 0.9 Shields


You had 4 spell levels left.
You didn't know any spells.
Your spell library contained the following spells:

 Spells                   Type           Power      Damage    Failure   Level
 Shock                    Conj/Air       0%         1d3       32%         1
 Swiftness                Air            0%         N/A       67%         3
 Airstrike                Air            0%         N/A       97%         4


Dungeon Overview and Level Annotations

Branches:
Dungeon (4/15)
 Temple: D:4-7

Altars:

Shops:
D:1 :?[(


Innate Abilities, Weirdness & Mutations

You are very small and have problems with some larger weapons.
You are too small for most types of armour.
You have supernaturally acute eyesight. (SInv)
You cover ground extremely quickly. (Speed+++)


Message History

You completely miss the adder. The adder completely misses you.
You hit the adder.
The adder is lightly wounded.
The adder bites you but does no damage. The adder bites you.
You hit the adder.
The adder is moderately wounded.
The adder barely misses you.
You hit the adder.
The adder is severely wounded.
You block the adder's attack. The adder closely misses you.
You closely miss the adder.
The adder is severely wounded.
The adder closely misses you. The hornet misses you.
You hit the adder.
You kill the adder!
The hornet stings you.
You feel yourself slow down.
You have reached level 5!
You feel clever. The hornet stings you!
Ouch! That really hurt!
You feel as though you will be slow longer.
You see here 9 arrows.
You block the hornet's attack.
You feel very mighty all of a sudden.
You feel yourself speed up. The hornet barely misses you.
The hornet closely misses you.
You feel better. The hornet stings you.
You feel yourself slow down. The hornet completely misses you.
You completely miss the hornet.
You feel yourself speed up.
The hornet completely misses you. x2; The hornet stings you!
* * * LOW HITPOINT WARNING * * *
You are lethally poisoned!
You feel yourself slow down.
Unknown command.
You hit the hornet.
The hornet is lightly wounded.
* * * LOW HITPOINT WARNING * * *
You feel very sick. The hornet stings you.
You die...

###
#######.#
.......†#
#.# #(#
##.#.######
#.....y@.<#
#..#.######
#....#.#
..... ...
w.....#.#
#####.#.# .
... .. ..


You could see a hornet.

Vanquished Creatures
  7 adders
  A worm (D:2)
  4 dart slugs
  3 endoplasms
  4 giant cockroaches
  3 goblins
  7 hobgoblins
  3 jackals (D:1)
  2 quokkas
  9 ball pythons
  10 bats
  5 frilled lizards
  4 kobolds
  6 rats
68 creatures vanquished.

Vanquished Creatures (others)
  2 plants (D:2)
2 creatures vanquished.

Grand Total: 70 creatures vanquished

Notes
Turn   | Place    | Note
-------+----------+-------------------------------------------
     0 | D:1      | zeram the Spriggan Brigand began the quest for the Orb.
     0 | D:1      | Reached XP level 1. HP: 10/10 MP: 2/2
    19 | D:1      | Found Venne's Book Boutique.
    30 | D:1      | Found Wimm's Magic Scroll Boutique.
    47 | D:1      | Reached skill level 6 in Stealth
    65 | D:1      | Found Weacejud's Antique Armour Boutique.
   392 | D:1      | Reached XP level 2. HP: 14/14 MP: 3/3
   601 | D:1      | Found Fashrenee's Antique Weapon Shop.
   610 | D:1      | Reached skill level 7 in Stealth
   897 | D:1      | Reached XP level 3. HP: 18/18 MP: 4/4
  1574 | D:2      | Reached XP level 4. HP: 20/22 MP: 5/5
  1847 | D:2      | Identified 2 scrolls of acquirement
  1847 | D:2      | Acquired the +0 buckler of Refaqiurph {*Corrode rElec rC+++
                  | Int+5}
  1863 | D:2      | Noticed a shining eye
  1865 | D:2      | Found a faded altar of an unknown god.
  1866 | D:2      | Noticed a floating eye
  1866 | D:2      | Noticed an eye of devastation
  1866 | D:2      | Noticed a great orb of eyes
  2630 | D:3      | Reached skill level 5 in Dodging
  2761 | D:4      | Noticed a hornet
  2771 | D:4      | Reached XP level 5. HP: 23/25 MP: 6/6
  2779 | D:4      | Slain by a hornet

Illustrated notes

Levels and vault maps discovered:
D:1:      dpeg_arrival_fog, layout_basic, serial_shops, shop,
          nicolae_diamond_shop, shop_coins, shop_statue, serial_bayou_pond_d
D:2:      cheibrodos_old_hovel, layout_loops_ring,
          hellmonk_ecumenical_altar_watching_god
D:3:      cheibrodos_helix_gallery, layout_basic
D:4:      layout_basic, nicolae_ru_awakened_eye, st_stairs_8, uniq_edmund

Skill      XL: |  1  2  3  4 |
---------------+-------------+-----
Stealth        | 6 7 |  7.1
Dodging        | 2 4 5 |  5.1
Fighting       | |  1.5
Short Blades   | |  2.1
Throwing       | |  2.0
Shields        | |  0.9

Action                   |  1- 3 |  4- 6 || total
-------------------------+-------+-------++-------
Melee: Spear             |   130 |    76 ||   206
  Use: Scroll            |     4 |     4 ||     8
       Potion            |       |     2 ||     2
 Stab: Sleeping          |    17 |    11 ||    28
Armor: Robe              |    19 |     9 ||    28
Dodge: Dodged            |    88 |    38 ||   126
Block: Buckler           |       |    11 ||    11
